 Dungeon Crawl Stone Soup version 0.24-a0-441-g27f0392e16 (webtiles) character file.

Game seed: 9274927752050515286

326 KristoblXynda the Slasher (level 6, -1/52 HPs)
             Began as a Draconian Gladiator on June 19, 2019.
             Was a Follower of Cheibriados.
             Slain by an orc
             ... wielding a +0 dagger
              (4 damage)
             ... on level 4 of the Dungeon.
             The game lasted 00:04:14 (2734 turns).

KristoblXynda the Slasher (Draconian Gladiator)     Turns: 2734, Time: 00:04:15

Health: -1/52      AC:  7    Str: 18    XL:     6   Next: 24%
Magic:  7/7        EV: 13    Int: 13    God:    Cheibriados [*.....]
Gold:   160        SH:  4    Dex: 14    Spells: 5/5 levels left

rFire    . . .     SeeInvis .   a - +0 long sword
rCold    . . .     Gourm    .   h - +0 buckler
rNeg     . . .     Faith    .   (armour unavailable)
rPois    .         Spirit   .   b - +0 hat
rElec    .         Reflect  .   (no cloak)
rCorr    .         Harm     .   l - +0 pair of gloves
MR       +....                  (no boots)
Stlth    +.........             (no amulet)
HPRegen  0.17/turn              n - ring of protection from magic
MPRegen  0.10/turn              (no ring)

@: very slow
A: unfitting armour, cold-blooded, AC +6
a: Bend Time, Renounce Religion


You were on level 4 of the Dungeon.
You worshipped Cheibriados.
Cheibriados was aware of your devotion.
You were not hungry.

You visited 1 branch of the dungeon, and saw 4 of its levels.

You collected 160 gold pieces.

Inventory:

Hand Weapons
 a - a +0 long sword (weapon)
Missiles
 c - 3 throwing nets (quivered)
Armour
 b - a +0 hat (worn)
 h - a +0 buckler (worn)
 l - a +0 pair of gloves (worn)
Jewellery
 n - a ring of protection from magic (left hand)
Scrolls
 e - a scroll of enchant armour {unknown}
 i - a scroll of enchant weapon {unknown}
 m - a scroll of magic mapping {unknown}
 p - a scroll of random uselessness {unknown}
 r - a scroll of remove curse {unknown}
Potions
 g - a potion of berserk rage {unknown}
 k - a potion of lignification {unknown}
 o - 2 potions of heal wounds {unknown}
 q - a potion of haste {unknown}
Comestibles
 d - 5 rations


   Skills:
 + Level 3.8 Fighting
 + Level 4.4 Long Blades
 - Level 2.0 Throwing
 + Level 3.7 Dodging
 + Level 2.1 Shields
 + Level 2.3 Invocations


You had 5 spell levels left.
You didn't know any spells.
Your spell library was empty.

Dungeon Overview and Level Annotations

Branches:
Dungeon (4/15)
 Temple: D:4-7

Altars:
Cheibriados
Trog
Wu Jian


Innate Abilities, Weirdness & Mutations

Your plain brown scales are hard. (AC +6)
You cannot fit into any form of body armour.
You are cold-blooded and may be slowed by cold attacks.


Message History

The orc barely misses you.
You riposte.
You hit the orc.
The orc is heavily wounded.
Something hits you but does no damage. You block the orc wizard's attack.
Unknown command.
You slash the orc wizard!
The orc wizard is severely wounded.
You block the orc's attack.
The orc wizard hits you with a +0 dagger.
* * * LOW HITPOINT WARNING * * *
You hear some strange, mumbled words.
A puff of flame appears from out of thin air!
The puff of flame hits you!
* * * LOW HITPOINT WARNING * * *
You hit the orc but do no damage.
The orc is heavily wounded.
The orc wizard barely misses you. The orc closely misses you.
Something hits you but does no damage.
The orc wizard hits you but does no damage.
The orc hits you with a +0 dagger.
You die...

#..######....#
#...........##
#...♣.♣.....#
#........#
##.♣.♣.#
#......#
#...♣.♣.# #..#
#o).# ...
#♣@♣.§§§§
...###)o#.§§§§.
#........#.§§...
.........###§.§.
..######)## #§..
#..## #§.
##..####.. ##
##........ #..
##..#......


You could see an orc wizard and an orc.

Vanquished Creatures
  Sigmund (D:2)
  An ogre (D:4)
  3 adders
  2 dart slugs
  A worm (D:2)
  3 leopard geckos
  2 orcs (D:4)
  7 bats
  5 goblins
  4 hobgoblins
  4 jackals (D:1)
  5 kobolds
  A quokka (D:2)
  3 frilled lizards
  4 rats
46 creatures vanquished.

Notes
Turn   | Place    | Note
-------+----------+-------------------------------------------
     0 | D:1      | KristoblXynda the Draconian Gladiator began the quest for
                  | the Orb.
     0 | D:1      | Reached XP level 1. HP: 17/17 MP: 1/1
    61 | D:1      | Reached XP level 2. HP: 8/25 MP: 2/2
   923 | D:2      | Reached XP level 3. HP: 30/30 MP: 3/3
   978 | D:2      | Found a snail-covered altar of Cheibriados.
   989 | D:2      | Became a worshipper of Cheibriados the Contemplative
  1203 | D:2      | Found an ornate altar of the Wu Jian Council.
  1324 | D:2      | Noticed Sigmund
  1336 | D:2      | Killed Sigmund
  1336 | D:2      | Reached skill level 4 in Long Blades
  1336 | D:2      | Reached skill level 1 in Shields
  1336 | D:2      | Reached skill level 1 in Invocations
  1336 | D:2      | Reached XP level 4. HP: 26/38 MP: 3/5
  1336 | D:2      | Reached XP level 5. HP: 31/45 MP: 3/6
  1547 | D:2      | Found a bloodstained altar of Trog.
  2405 | D:3      | Reached * piety under Cheibriados
  2549 | D:4      | Noticed an ogre
  2563 | D:4      | Killed an ogre
  2563 | D:4      | Reached XP level 6. HP: 29/52 MP: 7/7
  2719 | D:4      | HP: 1/52 [orc wizard/puff of flame (12)]
  2733 | D:4      | HP: 2/52 [something/puff of flame (9)]
  2734 | D:4      | Slain by an orc

Levels and vault maps discovered:
D:1:      eino_arrival_tree_alley, layout_rooms
D:2:      layout_basic, kennysheep_slug_shrine, overflow_temple_1_default,
          lemuel_round_altar, serial_corexii_hall, corexii_hall_statues_s,
          corexii_hall_statues_l, uniq_sigmund
D:3:      layout_basic
D:4:      layout_layer_cave, nicolae_dithmenos_the_darkroom, first_ration,
          serial_forest, infiniplex_forest_straight_4,
          infiniplex_forest_lined_3, infiniplex_forest_corner_2,
          infiniplex_forest_clump_small, infiniplex_forest_straight_5,
          infiniplex_forest_lined_room_3, infiniplex_forest_pool,
          infiniplex_forest_lined_2

Skill      XL: |  1  2  3  4  5 |
---------------+----------------+-----
Throwing       | 2 |  2.0
Dodging        | 3 |  3.7
Fighting       | 3 |  3.8
Long Blades    | 4 |  4.4
Shields        | 1 2 |  2.1
Invocations    | 1 2 |  2.3

Action                   |  1- 3 |  4- 6 || total
-------------------------+-------+-------++-------
Melee: Long sword        |    75 |    53 ||   128
       Tailslap          |    10 |    15 ||    25
  Use: Scroll            |       |     2 ||     2
       Potion            |       |     2 ||     2
  Eat: Chunk             |     1 |     5 ||     6
Armor: Skin              |    27 |    24 ||    51
Dodge: Dodged            |    75 |    76 ||   151
Block: Buckler           |       |    18 ||    18
       Rpst.: Long sword |    26 |    27 ||    53

Table legend:
 A = Non-vault XP
 B = Vault XP
 C = Vault XP percentage of total XP
 D = Non-vault monster count
 E = Vault monster count
 F = Vault count percentage of total count
                 A         B        C        D         E       F
            +---------+---------+-------+---------+---------+-------
      Total |     236 |     231 |  49.5 |      44 |       2 |   4.3
            +---------+---------+-------+---------+---------+-------
        D:1 |      22 |       0 |   0.0 |      10 |       0 |   0.0
        D:2 |      51 |     231 |  81.9 |      16 |       2 |  11.1
        D:3 |      39 |       0 |   0.0 |      15 |       0 |   0.0
        D:4 |     124 |       0 |   0.0 |       3 |       0 |   0.0
            +---------+---------+-------+---------+---------+-------
